 Dungeon Crawl Stone Soup version 0.31-a0-355-g57cb03d3e8 (webtiles) character file.

Game seed: 14452203908878757717

362 Newt the Changeling (level 6, -3/48 HPs)
             Began as a Merfolk Shapeshifter on July 24, 2023.
             Slain by a gnoll
             ... wielding a +0 spear
              (10 damage)
             ... on level 4 of the Dungeon.
             The game lasted 00:02:39 (2999 turns).

Newt the Changeling (Merfolk Shapeshifter)          Turns: 2999, Time: 00:02:39

Health: -3/48      AC:  3    Str: 17    XL:     6   Next: 66%
Magic:  6/6        EV: 13    Int:  8    God:
Gold:   254        SH:  0    Dex: 14    Spells: 5/5 levels left

rFire   . . .        e - +4 short sword
rCold   . . .        (no shield)
rNeg    . . .        a - +1 animal skin
rPois   .            (helmet currently unavailable)
rElec   .            (cloak currently unavailable)
rCorr   .            (gloves currently unavailable)
SInv    .            (boots currently unavailable)
Will    .....        (no amulet)
Stlth   +            (no ring)
HPRegen 0.28/turn    (no ring)
MPRegen 0.10/turn

%: no passive effects
@: beast-form
A: beast (slay +4), (nimble swimmer 2), mertail
a: Begin Untransformation


You were on level 4 of the Dungeon.
You were a hulking beast.
You visited 1 branch of the dungeon, and saw 4 of its levels.

You collected 254 gold pieces.

Inventory:

Hand Weapons
 e - a +4 short sword (weapon)
Missiles
 o - 5 poisoned darts
Armour
 a - a +1 animal skin (worn)
 f - a +2 cloak
Talismans
 c - a beast talisman
Potions
 b - a potion of lignification
 g - a potion of mutation
 h - a potion of brilliance {unknown}
 i - a potion of heal wounds {unknown}
 j - 2 potions of invisibility {unknown}
 k - a potion of might {unknown}
 l - a potion of cancellation {unknown}


   Skills:
 - Level 4.0 Fighting
 - Level 3.0 Short Blades
 - Level 4.0 Dodging
 - Level 3.2 Unarmed Combat
 + Level 6.1 Shapeshifting


You had 5 spell levels left.
You didn't know any spells.
Your spell library contained the following spells:

 Spells                   Type           Power      Damage    Failure   Level
 Summon Small Mammal      Summ           0%         N/A       41%         1
 Call Canine Familiar     Summ           0%         N/A       78%         3
 Summon Guardian Golem    Hex/Summ       0%         N/A       78%         3
 Volatile Blastmotes      Fire/Tloc      0%         2d10      78%         3
 Fulminant Prism          Conj/Hex       0%         3d5       99%         4
 Iskenderun's Mystic Bla  Conj/Tloc      0%         2d3       99%         4


Dungeon Overview and Level Annotations

Branches:
Dungeon (4/15)
 Temple: D:4-7

Altars:
Dithmenos
Fedhas


Innate Abilities, Weirdness & Mutations

You are a hulking beast.
Your limbs bulge with bestial killing power. (Slay +4)
((You are very nimble when in or above water. (Stealth+, EV+, Speed+++)))
Your lower body shifts to a powerful aquatic tail in water.


Message History

You hit the quokka.
You kill the quokka!
You feel sick.
You feel sick.
Things that are here:
a quokka corpse; a scorpion corpse You start resting.
You feel sick. x3
An adder comes into view.
An adder is nearby!
An adder is nearby!
An adder is nearby!
An adder is nearby!
You feel sick.
You feel sick.
You are no longer poisoned.
The adder hisses angrily.
A gnoll comes into view.
It is wielding a +2 falchion of holy wrath. 2 gnolls come into view.
The gnoll shouts! x3
As you read the scroll labelled INWUIBR WUFIH, it crumbles to dust.
You feel aware of your surroundings.
You sensed 5 altars.
It was a scroll of revelation.
A gnoll comes into view. It is wielding a +0 spear.
The gnoll throws a stone.
The stone hits you.
* * * LOW HITPOINT WARNING * * *
Found a stone staircase leading down.
You hit the adder.
The adder is moderately wounded.
The adder misses you.
You hit the adder.
The adder is almost dead.
The adder barely misses you.
You miss the adder.
The adder is severely wounded.
The adder closely misses you.
You closely miss the adder.
The adder is severely wounded.
The gnoll closely misses you.
The gnoll hits you from afar with a +0 spear!
You die...

*,,,,,,,,,,,,,*,*#......#..##.#.#
*,,,,,,,,.....#.##.###.....##...#
,<*******###.##.##[####..####..##
*** **###g##.##.#####......##
,,** *,........#.#####.######
*,,*****,##...g..#.#####.#
,,,,,,,,,.#..#.g...#####.#
**,,,***,.#..#.g########.# ***,*
*,.#..#..hS.#####.#
*,***,.#..#.###.#####.#
****,,,,,##....###.#####.#
,,,,,,,,,...#..###.......#
********,..##..######.####
**#.....######.## ####..######.##
#####>######..#
**********############.#


You could see 4 gnolls and an adder.

Vanquished Creatures
  An ice beast (D:4)
  A scorpion (D:4)
  A howler monkey (D:4)
  An orc priest (D:3)
  A hound (D:4)
  An orc wizard (D:3)
  3 adders
  4 dart slugs
  4 orcs
  4 bats
  3 endoplasms
  4 giant cockroaches
  4 goblins
  6 hobgoblins
  2 jackals (D:1)
  4 kobolds (D:1)
  2 quokkas
  6 ball pythons
  2 frilled lizards (D:2)
  2 rats
56 creatures vanquished.

Notes
Turn   | Place    | Note
-------+----------+-------------------------------------------
     0 | D:1      | Newt the Merfolk Shapeshifter began the quest for the Orb.
     0 | D:1      | Reached XP level 1. HP: 15/15 MP: 1/1
   123 | D:1      | Reached XP level 2. HP: 21/22 MP: 2/2
   934 | D:2      | Reached XP level 3. HP: 29/29 MP: 3/3
  1127 | D:2      | Found a faded altar of an unknown god.
  1664 | D:3      | Found a blossoming altar of Fedhas.
  1703 | D:3      | Reached skill level 1 in Short Blades
  1703 | D:3      | Reached XP level 4. HP: 37/37 MP: 4/4
  1797 | D:3      | Reached XP level 5. HP: 24/42 MP: 5/5
  2603 | D:4      | Found a shadowy altar of Dithmenos.
  2623 | D:4      | HP: 3/63 [howler monkey (6)]
  2880 | D:4      | Noticed an ice beast
  2893 | D:4      | Killed an ice beast
  2894 | D:4      | Reached skill level 5 in Shapeshifting
  2894 | D:4      | Reached XP level 6. HP: 48/48 MP: 6/6
  2975 | D:4      | Reached skill level 6 in Shapeshifting
  2999 | D:4      | Slain by a gnoll

Illustrated notes

Levels and vault maps discovered:
D:1:      erik_arrival_orb_chamber, layout_basic, grunt_decor_arrowhead
D:2:      layout_basic, basic_ecumenical_altar
D:3:      layout_loops_corners, amcnicky_altar_gilded
D:4:      minmay_door_path, layout_basic, lemuel_crystal_altar, minitemple,
          nicolae_dithmenos_shadow_blocks

Skill      XL: |  1  2  3  4  5  6 |
---------------+-------------------+-----
Fighting       | 2 3 4 |  4.0
Short Blades   | 1 3 |  3.0
Dodging        | 3 4 |  4.0
Shapeshifting  | 5 6 |  6.1
Unarmed Combat | |  3.2

Action                     |  1- 3 |  4- 6 || total
---------------------------+-------+-------++-------
  Melee: Unarmed           |    20 |       ||    20
         Punch             |     3 |     1 ||     4
         Short sword       |    41 |    92 ||   133
    Use: Scroll            |     5 |     3 ||     8
         Potion            |       |     2 ||     2
   Stab: Sleeping          |     1 |       ||     1
 Armour: Animal skin       |     8 |     9 ||    17
         Skin              |       |    10 ||    10
  Dodge: Dodged            |    37 |    37 ||    74

Table legend: (Time is in decaauts)
 A = Elapsed time spent in this place.
 B = Non-inter-level travel time spent in this place.
 C = Inter-level travel time spent in this place.
 D = Time resting spent in this place.
 E = Time spent auto-exploring this place.
 F = Levels seen in this place.
 G = Mean time per level.
                   A        B        C        D        E       F      G
               +--------+--------+--------+--------+--------+-----+--------+
         Total |   2983 |   2857 |    126 |    286 |   2186 |   4 |  745.8 |
       Dungeon |   2983 |   2857 |    126 |    286 |   2186 |   4 |  745.8 |
               +--------+--------+--------+--------+--------+-----+--------+

Top non-repeatable levels by time:
     D:3: 1036 daAuts
     D:1: 899 daAuts
     D:2: 655 daAuts
     D:4: 391 daAuts
